 Dungeon Crawl Stone Soup version 0.24-a0-537-g2d01d4ab0a (webtiles) character file.

Game seed: 14897764794682931835

174 Aggronaut the Chopper (level 5, -17/49 HPs)
             Began as a Deep Dwarf Fighter on Aug 14, 2019.
             Demolished by an ogre
             ... wielding a +0 giant club
              (21 damage)
             ... on level 4 of the Dungeon.
             The game lasted 00:05:56 (2416 turns).

Aggronaut the Chopper (Deep Dwarf Fighter)          Turns: 2416, Time: 00:05:57

Health: -17/49     AC:  7    Str: 20    XL:     5   Next: 28%
Magic:  5/5        EV:  9    Int:  9    God:
Gold:   50         SH:  0    Dex: 12    Spells: 4/4 levels left

rFire    . . .     SeeInvis .   a - +0 war axe
rCold    . . .     Gourm    .   (no shield)
rNeg     . . .     Faith    .   b - +0 scale mail
rPois    .         Spirit   .   (no helmet)
rElec    .         Reflect  .   (no cloak)
rCorr    .         Harm     .   (no gloves)
MR       .....                  (no boots)
Stlth    ..........             (no amulet)
HPRegen  0.00/turn              (no ring)
MPRegen  0.09/turn              (no ring)

@: non-regenerating
A: damage resistance, heal wounds, sense surroundings 1, no regeneration
a: Heal Wounds


You were on level 4 of the Dungeon.
You were not hungry.

You visited 1 branch of the dungeon, and saw 4 of its levels.

You collected 158 gold pieces.
You spent 108 gold pieces at shops.

Inventory:

Hand Weapons
 a - a +0 war axe (weapon)
Armour
 b - a +0 scale mail (worn)
 c - a +0 shield
Scrolls
 g - a scroll of fear
 h - 2 scrolls of enchant weapon
 i - 2 scrolls of teleportation
 o - a scroll of identify
 p - 2 scrolls of remove curse
Potions
 e - a potion of magic
 j - a potion of lignification
 m - 2 potions of curing
Comestibles
 f - 9 rations
 l - 6 chunks of flesh


   Skills:
 + Level 3.6 Fighting
 * Level 4.6 Axes
 + Level 4.3 Armour
 - Level 3.2 Shields


You had 4 spell levels left.
You didn't know any spells.
Your spell library was empty.

Dungeon Overview and Level Annotations

Branches:
Dungeon (4/15)
 Temple: D:4-7

Altars:
Vehumet
Xom

Shops:
D:4 ?


Innate Abilities, Weirdness & Mutations

You are resistant to damage.
You can heal yourself by infusing magical energy.
You passively map a small area around you.
You do not regenerate.


Message History

Found an escape hatch in the ceiling.
Found a stone staircase leading down.
An ogre comes into view. It is wielding a +0 giant club.
The ogre shouts!
Found a long sword.
You hit the ogre.
The ogre is lightly wounded.
The ogre hits you with a +0 giant club!!
You hit the ogre.
The ogre is moderately wounded.
The ogre hits you with a +0 giant club!
* * * LOW HITPOINT WARNING * * *
You hit the ogre.
The ogre is heavily wounded.
The ogre hits you with a +0 giant club.
* * * LOW HITPOINT WARNING * * *
You slash the ogre!
The ogre is almost dead.
The ogre hits you with a +0 giant club!!
You die...

, ,, , , , , , ,
### *, , , ..## *
* * ..# * * #.#
*,
,#)#####.####.##.
........@O......
, .#####.######..
, , #......# , ,,
,,* * #......# *
, , , , *
###......# ,
##<##....(# , ,
#...#.....#*, ,
*,*#.8.#.....#*,
,, * *#...#.....#
, ,,


You could see an ogre.

Vanquished Creatures
  A scorpion (D:2)
  4 adders
  3 worms (D:2)
  2 dart slugs
  3 leopard geckos
  3 orcs (D:4)
  2 ball pythons
  10 bats
  3 giant cockroaches
  6 goblins
  9 hobgoblins
  3 jackals (D:1)
  2 quokkas (D:2)
  8 frilled lizards
  7 kobolds
  2 rats
68 creatures vanquished.

Notes
Turn   | Place    | Note
-------+----------+-------------------------------------------
     0 | D:1      | Aggronaut the Deep Dwarf Fighter began the quest for the
                  | Orb.
     0 | D:1      | Reached XP level 1. HP: 20/20 MP: 1/1
   147 | D:1      | Reached XP level 2. HP: 27/27 MP: 2/2
   591 | D:2      | Reached XP level 3. HP: 22/34 MP: 3/3
   934 | D:2      | Found a shimmering altar of Xom.
   935 | D:2      | Found a radiant altar of Vehumet.
  1084 | D:2      | Noticed a scorpion
  1093 | D:2      | Killed a scorpion
  1093 | D:2      | Reached XP level 4. HP: 42/42 MP: 4/4
  1430 | D:2      | Reached XP level 5. HP: 45/49 MP: 5/5
  1996 | D:3      | Found a faded altar of an unknown god.
  2329 | D:4      | Found Laowkoyxt's Magic Scroll Shoppe.
  2368 | D:4      | Bought a scroll of identify for 24 gold pieces
  2368 | D:4      | Bought a scroll of remove curse for 36 gold pieces
  2368 | D:4      | Bought a scroll of teleportation for 36 gold pieces
  2368 | D:4      | Bought a scroll of noise for 12 gold pieces
  2411 | D:4      | Noticed an ogre
  2416 | D:4      | Demolished by an ogre

Levels and vault maps discovered:
D:1:      dpeg_arrival_connections, layout_basic, kennysheep_another_room
D:2:      layout_basic, grunt_temple_overflow_open,
          chequers_serial_rivers_micro_a, st_stairs_12,
          kennysheep_generic_room_14
D:3:      layout_rooms, chequers_ecumenical_altar_twisty, first_ration
D:4:      layout_basic, kennysheep_okawaru_gauntlet, serial_shops, shop,
          grunt_ministairs_4, minmay_manual_monstrance

Skill      XL: |  1  2  3 |
---------------+----------+-----
Axes           | 3 4 |  4.6
Fighting       | 3 |  3.6
Armour         | 4 |  4.3
Shields        | |  3.2

Action                   |  1- 3 |  4- 6 || total
-------------------------+-------+-------++-------
Melee: War axe           |   109 |    67 ||   176
 Abil: Heal Wounds       |     1 |       ||     1
  Use: Scroll            |     2 |     5 ||     7
       Potion            |     1 |       ||     1
  Eat: Chunk             |     1 |     4 ||     5
Armor: Scale mail        |    60 |    33 ||    93
Dodge: Dodged            |    88 |    46 ||   134

Table legend:
 A = Non-vault XP
 B = Vault XP
 C = Vault XP percentage of total XP
 D = Non-vault monster count
 E = Vault monster count
 F = Vault count percentage of total count
                 A         B        C        D         E       F
            +---------+---------+-------+---------+---------+-------
      Total |     229 |      20 |   8.0 |      65 |       3 |   4.4
            +---------+---------+-------+---------+---------+-------
        D:1 |      37 |       0 |   0.0 |      20 |       0 |   0.0
        D:2 |     152 |      18 |  10.6 |      30 |       2 |   6.2
        D:3 |      27 |       0 |   0.0 |      11 |       0 |   0.0
        D:4 |      13 |       2 |  13.3 |       4 |       1 |  20.0
            +---------+---------+-------+---------+---------+-------
